 Dungeon Crawl Stone Soup version 0.21.1-1-g345015f (webtiles) character file.

9 VDreamerV the Insei (level 2, 0/18 HPs)
             Began as an Octopode Transmuter on Apr 6, 2018.
             Slain by a jackal (1 damage)
             ... on level 1 of the Dungeon.
             The game lasted 00:03:37 (133 turns).

VDreamerV the Insei (Octopode Transmuter)            Turns: 133, Time: 00:03:38

Health: 0/18       AC:  1    Str:  9    XL:     2   Next: 16%
Magic:  4/5        EV: 13    Int: 15    God:
Gold:   17         SH:  0    Dex: 12    Spells: 4/5 levels left

rFire    . . .     SeeInvis .     - Unarmed
rCold    . . .     Gourm    .   (no shield)
rNeg     . . .     Faith    .   (helmet restricted)
rPois    .         Spirit   .   (no amulet)
rElec    .         Reflect  .   (no ring)
rCorr    .         Harm     .   (no ring)
MR       .....                  (no ring)
Stlth    ++........             (no ring)
HPRegen  0.06/turn              (no ring)
MPRegen  0.09/turn              (no ring)
                                (no ring)
                                (no ring)

@: appendage
A: almost no armour, stealthy swim, amphibious, 8 rings, constrict 8, tentacle
spike 3, camouflage 1, gelatinous body 1
a: End Transformation


You were on level 1 of the Dungeon.
You were not hungry.
One of your tentacles had a temporary spike.
You visited 1 branch of the dungeon, and saw 1 of its levels.

You collected 17 gold pieces.

Inventory:

Missiles
 a - 12 arrows
Scrolls
 d - a scroll of immolation {unknown}
 e - a scroll of remove curse {unknown}
Books
 b - a book of Changes

   Spells                             Type                      Level
   a - Beastly Appendage              Transmutation                1
   b - Sticks to Snakes               Transmutation                2
   c - Spider Form                    Transmutation/Poison         3
   d - Ice Form                       Ice/Transmutation            4
   e - Blade Hands                    Transmutation                5
Comestibles
 c - a ration


   Skills:
 * Level 1.2 Fighting
 + Level 2.1 Dodging
 + Level 0.3 Stealth
 * Level 3.3 Unarmed Combat
 - Level 2.0 Spellcasting
 - Level 2.0 Transmutations


You had 4 spell levels left.
You knew the following spells:

 Your Spells              Type           Power        Failure   Level  Hunger
a - Beastly Appendage     Tmut           #.....       10%         1    #......


Dungeon Overview and Level Annotations

Branches:
Dungeon (1/15)

Altars:


Innate Abilities, Weirdness & Mutations

You cannot wear most types of armour.
You are very stealthy in the water. (Stealth+)
You are amphibious.
You can wear up to eight rings at the same time.
You can use your tentacles to constrict eight enemies at once.
Your skin changes colour to match your surroundings (Stealth+).
Your rubbery body absorbs attacks. (AC +1, EV +1)
One of your tentacles bears a large vicious spike.


Message History

You kill the jackal!
The jackal bites you. The jackal closely misses you.
You tentacle-slap the jackal. Your grab misses the jackal.
Your tentacle spike misses the jackal.
The jackal is heavily wounded.
The jackal barely misses you. The jackal bites you. x2
* * * LOW HITPOINT WARNING * * *
The jackal closely misses you. The jackal barely misses you.
You tentacle-slap the jackal but do no damage.
Your grab misses the jackal. Your squeeze misses the jackal.
The jackal is heavily wounded.
The jackal bites you.
* * * LOW HITPOINT WARNING * * *
The jackal misses you. The jackal bites you.
* * * LOW HITPOINT WARNING * * *
You tentacle-slap the jackal but do no damage.
Your grab misses the jackal.
Your tentacle spike misses the jackal.
The jackal is heavily wounded.
The jackal barely misses you. The jackal bites you.
You die...

#..###†........
##..##...........
###...............
.................# .
............(....# ..
..###..##....#.##..#.#.
...........#.........
..###.h##..........#.#.
.......@hJ.............
..###.h##K..####.....#.
...............(.....
..##..........8.....8..
#.#.##.#............
#.#. #........>h.... .
.. ........$......
##.######............
.....^...


You could see an ooze, 3 jackals and a kobold.

Vanquished Creatures
  A leopard gecko (D:1)
  A bat (D:1)
  2 hobgoblins (D:1)
  A jackal (D:1)
  A frilled lizard (D:1)
  A kobold (D:1)
  A rat (D:1)
8 creatures vanquished.

Notes
Turn   | Place    | Note
-------+----------+-------------------------------------------
     0 | D:1      | VDreamerV the Octopode Transmuter began the quest for the Orb.
     0 | D:1      | Reached XP level 1. HP: 13/13 MP: 3/3
   109 | D:1      | Reached XP level 2. HP: 18/18 MP: 3/5
   133 | D:1      | Slain by a jackal

Action                   || total
-------------------------++-------
Melee: Unarmed           ||    22
       Constrict         ||     6
       Kick              ||     6
       Tentacles         ||     1
 Cast: Beastly Appendage ||     7
Armor: Skin              ||     1
Dodge: Dodged            ||    23
